 Dungeon Crawl Stone Soup version 0.30-a0-585-g93115170b9 (webtiles) character file.

Game seed: 15591984420871662702

190 themarg the Insei (level 5, 0/41 HPs)
             Began as a Gnoll Transmuter on Jan 2, 2023.
             Slain by an ufetubus (1 damage)
             ... summoned by Eustachio
             ... on level 4 of the Dungeon.
             The game lasted 00:06:19 (2466 turns).

themarg the Insei (Gnoll Transmuter)                Turns: 2466, Time: 00:06:20

Health: 0/41       AC:  2    Str:  9      XL:     5   Next: 69%
Magic:  7/12       EV: 21    Int: 15      God:
Gold:   220        SH:  5    Dex: 16 (17) Spells: 8/14 levels left

rFire   . . .      SeeInvis .      - Unarmed
rCold   . . .      Faith    .    (shield currently unavailable)
rNeg    . . .      Spirit   .    (body armour currently unavailable)
rPois   x          Reflect  +    (helmet currently unavailable)
rElec   .          Harm     .    (cloak currently unavailable)
rCorr   .          Rampage  .    (gloves currently unavailable)
Will    .....                    (boots currently unavailable)
Stlth   ++                       h - amulet of reflection
HPRegen 0.26/turn                (no ring)
MPRegen 0.13/turn                (no ring)

@: spider-form (expiring)
A: venomous fangs, tiny, (fangs 1), strong nose, distributed training
a: End Transformation


You were on level 4 of the Dungeon.
You were a venomous arachnid creature.
You visited 1 branch of the dungeon, and saw 4 of its levels.

You collected 220 gold pieces.

Inventory:

Hand Weapons
 i - a +0 rapier (melded)
Missiles
 f - 53 stones
 q - 6 poisoned darts
Armour
 a - a +0 robe (melded)
Jewellery
 h - an amulet of reflection (around neck)
Scrolls
 g - a scroll of poison {unknown}
 j - a scroll of enchant weapon {unknown}
 k - a scroll of magic mapping {unknown}
 l - a scroll of enchant armour {unknown}
 n - a scroll of noise {unknown}
 o - a scroll of fog {unknown}
 s - a scroll of amnesia {unknown}
Potions
 b - 2 potions of lignification
 d - a potion of heal wounds
 e - a potion of degeneration
 m - a potion of ambrosia {unknown}
 p - 2 potions of attraction
 r - 2 potions of curing


   Skills:
 + Level 3.1 Fighting
 + Level 1.6 Short Blades
 + Level 1.6 Long Blades
 + Level 1.6 Axes
 + Level 1.6 Maces & Flails
 + Level 1.6 Polearms
 + Level 1.6 Staves
 + Level 1.6 Ranged Weapons
 + Level 1.6 Throwing
 + Level 1.6 Armour
 + Level 4.8 Dodging
 + Level 1.6 Stealth
 + Level 1.6 Shields
 + Level 6.7 Unarmed Combat
 + Level 5.2 Spellcasting
 + Level 1.3 Conjurations
 + Level 1.3 Hexes
 + Level 1.3 Summonings
 + Level 1.3 Necromancy
 + Level 1.3 Translocations
 + Level 4.0 Transmutations
 + Level 1.3 Fire Magic
 + Level 1.3 Ice Magic
 + Level 1.3 Air Magic
 + Level 1.3 Earth Magic
 + Level 1.3 Poison Magic
 + Level 1.9 Invocations
 + Level 1.6 Evocations


You had 8 spell levels left.
You knew the following spells:

 Your Spells              Type           Power      Damage    Failure   Level
a - Beastly Appendage     Tmut           32%        N/A       11%         1
b - Wereblood             Tmut           16%        N/A       14%         2
c - Spider Form           Tmut/Pois      12%        N/A       34%         3

Your spell library contained the following spells:

 Spells                   Type           Power      Damage    Failure   Level
 Ignite Poison            Fire/Tmut/Pois 10%        N/A       38%         3
 Ice Form                 Ice/Tmut       12%        N/A       67%         4
 Sticky Flame             Conj/Fire      7%         2d3       85%         4
 Ignition                 Fire           3%         3d4       100%        8


Dungeon Overview and Level Annotations

Branches:
Dungeon (4/15)
 Temple: D:4-7

Altars:

Annotations:
D:4 Eustachio


Innate Abilities, Weirdness & Mutations

You are a venomous arachnid creature.
You have poisonous fangs.
You are tiny and dextrous.
Your spellcasting is less reliable in this form.
Your armour is entirely melded.
You are incapable of wielding weapons or throwing items.
((You have very sharp teeth.))
Your uncanny sense of smell can sniff out nearby items.
Your experience applies equally to all skills.


Message History

Eustachio is heavily wounded.
The ufetubus closely misses you. x2
Eustachio casts a spell.
Eustachio blinks!
The quasit bites you. The quasit barely misses you. The quasit claws you.
The ufetubus attacks as you move away! The ufetubus barely misses you. x2
The quasit bites you.
The quasit claws you but does no damage.
The quasit claws you.
* * * LOW HITPOINT WARNING * * *
Eustachio closely misses you. The quasit misses you.
The quasit claws you but does no damage.
The quasit misses you. The ufetubus hits you.
* * * LOW HITPOINT WARNING * * *
You block the ufetubus's attack.
You hit Eustachio but do no damage.
Eustachio is severely wounded.
The quasit closely misses you.
The quasit claws you but does no damage.
The quasit completely misses you. The quasit bites you.
* * * LOW HITPOINT WARNING * * *
You block the quasit's attack. The quasit closely misses you.
Eustachio misses you. The ufetubus closely misses you. The ufetubus hits you.
* * * LOW HITPOINT WARNING * * *
You hit Eustachio but do no damage.
Eustachio looks as sick as possible!
Eustachio is severely wounded.
You block the quasit's attack. The quasit closely misses you.
The quasit misses you. The quasit completely misses you. The quasit misses you.
The quasit completely misses you. The ufetubus completely misses you.
The ufetubus misses you. Eustachio closely misses you.
The quasit closely misses you.
The quasit claws you but does no damage.
The quasit misses you.
You bite Eustachio!
Eustachio looks as sick as possible!
Eustachio is almost dead.
You block the quasit's attack. The quasit claws you.
* * * LOW HITPOINT WARNING * * *
You feel clumsy. The quasit completely misses you. The ufetubus hits you.
You die...

#### ..?#
#######...###
#..)).@......
#.##.s5...#
#.##.55...#
#.##......#
#.##......#
#..
#.##......#
#.#
#.##......#
#.#
#.##......#
#.#
#.##...####
#.# #.##...#
#.#


You could see Eustachio (extremely poisoned), 2 quasits and an ufetubus
(summoned).

Vanquished Creatures
  An orc priest (D:4)
  An orc wizard (D:3)
  6 adders
  A worm (D:2)
  3 dart slugs
  12 orcs
  4 endoplasms
  5 giant cockroaches
  5 goblins
  9 hobgoblins
  2 jackals (D:1)
  A quokka (D:1)
  2 ball pythons (D:2)
  2 bats (D:3)
  5 frilled lizards (D:2)
  8 kobolds
  5 rats
72 creatures vanquished.

Notes
Turn   | Place    | Note
-------+----------+-------------------------------------------
     0 | D:1      | themarg the Gnoll Transmuter began the quest for the Orb.
     0 | D:1      | Reached XP level 1. HP: 17/17 MP: 6/6
   161 | D:1      | Reached XP level 2. HP: 23/23 MP: 7/7
   166 | D:1      | Learned a level 2 spell: Wereblood
   645 | D:2      | Reached skill level 5 in Spellcasting
   645 | D:2      | Reached XP level 3. HP: 28/28 MP: 6/9
   649 | D:2      | Learned a level 3 spell: Spider Form
   699 | D:2      | Reached skill level 1 in Invocations
   842 | D:2      | Reached skill level 1 in Short Blades
   842 | D:2      | Reached skill level 1 in Long Blades
   842 | D:2      | Reached skill level 1 in Axes
   842 | D:2      | Reached skill level 1 in Maces & Flails
   842 | D:2      | Reached skill level 1 in Polearms
   842 | D:2      | Reached skill level 1 in Staves
   842 | D:2      | Reached skill level 1 in Ranged Weapons
   842 | D:2      | Reached skill level 1 in Throwing
   842 | D:2      | Reached skill level 1 in Armour
   842 | D:2      | Reached skill level 1 in Stealth
   842 | D:2      | Reached skill level 1 in Shields
   842 | D:2      | Reached skill level 1 in Evocations
  1040 | D:2      | Reached XP level 4. HP: 18/34 MP: 11/11
  1445 | D:3      | Reached skill level 1 in Conjurations
  1445 | D:3      | Reached skill level 1 in Hexes
  1445 | D:3      | Reached skill level 1 in Summonings
  1445 | D:3      | Reached skill level 1 in Necromancy
  1445 | D:3      | Reached skill level 1 in Translocations
  1445 | D:3      | Reached skill level 1 in Fire Magic
  1445 | D:3      | Reached skill level 1 in Ice Magic
  1445 | D:3      | Reached skill level 1 in Air Magic
  1445 | D:3      | Reached skill level 1 in Earth Magic
  1445 | D:3      | Reached skill level 1 in Poison Magic
  2006 | D:3      | Reached XP level 5. HP: 14/40 MP: 8/12
  2434 | D:4      | Noticed Eustachio
  2464 | D:4      | HP: 2/41 [ufetubus[Eustachio] (5)]
  2466 | D:4      | Slain by an ufetubus

Illustrated notes

Levels and vault maps discovered:
D:1:      psy_arrival_whirlpool, layout_basic
D:2:      layout_rooms, minmay_lizard_pond
D:3:      layout_rooms, grunt_ministairs_9
D:4:      layout_basic, minmay_temple_entry_nine_rooms, uniq_eustachio

Skill      XL: |  1  2  3  4  5 |
---------------+----------------+-----
Spellcasting   | 5 |  5.2
Invocations    | 1 |  1.9
Short Blades   | 1 |  1.6
Long Blades    | 1 |  1.6
Axes           | 1 |  1.6
Maces & Flails | 1 |  1.6
Polearms       | 1 |  1.6
Staves         | 1 |  1.6
Ranged Weapons | 1 |  1.6
Throwing       | 1 |  1.6
Armour         | 1 |  1.6
Stealth        | 1 |  1.6
Shields        | 1 |  1.6
Evocations     | 1 |  1.6
Conjurations   | 1 |  1.3
Hexes          | 1 |  1.3
Summonings     | 1 |  1.3
Necromancy     | 1 |  1.3
Translocations | 1 |  1.3
Fire Magic     | 1 |  1.3
Ice Magic      | 1 |  1.3
Air Magic      | 1 |  1.3
Earth Magic    | 1 |  1.3
Poison Magic   | 1 |  1.3
Fighting       | 3 |  3.1
Transmutations | 4 |  4.0
Dodging        | |  4.8
Unarmed Combat | |  6.7

Action                   |  1- 3 |  4- 6 || total
-------------------------+-------+-------++-------
Melee: Unarmed           |    18 |    86 ||   104
       Kick              |    23 |     3 ||    26
       Short sword       |    31 |       ||    31
       Headbutt          |    12 |     1 ||    13
       Bite              |     6 |       ||     6
       Rapier            |    48 |     9 ||    57
 Cast: Beastly Appendage |    17 |     3 ||    20
       Wereblood         |     1 |     3 ||     4
       Spider Form       |       |    15 ||    15
  Use: Scroll            |       |     4 ||     4
 Stab: Sleeping          |     3 |     1 ||     4
Armor: Robe              |    14 |     3 ||    17
       Skin              |       |     9 ||     9
Dodge: Dodged            |    65 |    84 ||   149
Block: Other             |    13 |    21 ||    34
       Reflection        |       |     2 ||     2

Table legend: (Time is in decaauts)
 A = Elapsed time spent in this place.
 B = Non-inter-level travel time spent in this place.
 C = Inter-level travel time spent in this place.
 D = Time resting spent in this place.
 E = Time spent auto-exploring this place.
 F = Levels seen in this place.
 G = Mean time per level.
                   A        B        C        D        E       F      G
               +--------+--------+--------+--------+--------+-----+--------+
         Total |   2462 |   2417 |     45 |     22 |   1867 |   4 |  615.5 |
       Dungeon |   2462 |   2417 |     45 |     22 |   1867 |   4 |  615.5 |
               +--------+--------+--------+--------+--------+-----+--------+

Top non-repeatable levels by time:
     D:2: 787 daAuts
     D:3: 749 daAuts
     D:1: 607 daAuts
     D:4: 318 daAuts
